 Dungeon Crawl Stone Soup version bcrawl-1.19.2-6-g6a88ae04c9 (webtiles) character file.

Game seed: 10894628403504069195

88 Mrkan the Skirmisher (level 4, -2/29 HPs)
             Began as a Gargoyle Fighter on Dec 24, 2019.
             Slain by Grinder (3 damage)
             ... on level 3 of the Dungeon.
             The game lasted 00:03:15 (1612 turns).

Mrkan the Skirmisher (Gargoyle Fighter)             Turns: 1612, Time: 00:03:16

Health: -2/29      AC: 10    Str: 20    XL:     4   Next: 54%
Magic:  4/4        EV:  7    Int:  8    God:
Gold:   67         SH:  9    Dex: 10    Spells: 3/3 levels left

rFire    + . .     SeeInvis .   a - +0 flail
rCold    . . .     Gourm    .   c - +0 shield
rNeg     + . .     Faith    .   b - +0 scale mail
rPois    ∞         Spirit   .   (no helmet)
rElec    +         Reflect  .   (no cloak)
rCorr    .         Harm     .   (no gloves)
MR       .....                  (no boots)
Stlth    ..........             (no amulet)
HPRegen  0.09/turn              o - ring of protection from fire
MPRegen  0.09/turn              (no ring)

@: no status effects
A: negative energy resistance 1, electricity resistance, unbreathing,
petrification resistance, rot immunity, AC +3
a: no special abilities


You were on level 3 of the Dungeon.
You were not hungry.

You visited 1 branch of the dungeon, and saw 3 of its levels.

You collected 67 gold pieces.

Inventory:

Hand Weapons
 a - a +0 flail (weapon)
Armour
 b - a +0 scale mail (worn)
 c - a +0 shield (worn)
Jewellery
 o - a ring of protection from fire (left hand)
Scrolls
 e - a scroll of identify {unknown}
 i - a scroll of noise {unknown}
 j - a scroll of fog {unknown}
 m - 3 scrolls of fear {unknown}
 n - a scroll of enchant armour {unknown}
 p - a scroll of teleportation {unknown}
Potions
 d - 2 potions of might
 g - a potion of lignification {unknown}
 h - 2 potions of magic {unknown}
 l - 3 potions of flight {unknown}
Comestibles
 f - 3 rations {!d}
 k - a chunk of flesh


   Skills:
 + Level 3.9 Fighting
 * Level 3.2 Maces & Flails
 + Level 3.8 Armour
 + Level 3.9 Shields


You had 3 spell levels left.
You didn't know any spells.
Your spell library was empty.

Dungeon Overview and Level Annotations

Branches:
Dungeon (3/12)

Altars:

Annotations:
D:3 Grinder


Innate Abilities, Weirdness & Mutations

You are resistant to torment.
Your stone body is resilient. (AC +3)
You are immune to poison.
You resist negative energy. (rN+)
You are resistant to electric shocks. (rElec)
You can survive without breathing.
You are immune to petrification.
You are immune to rotting.


Message History

Grinder gestures at you.
You suddenly lose the ability to move!
Grinder hits you.
You writhe in agony.
Grinder grins, showing sharp teeth.
Grinder hits you. Grinder hits you but does no damage.
You can move again.
You hit Grinder.
Grinder is heavily wounded.
You block Grinder's attack.
Unknown command.
Unknown command.
You closely miss Grinder.
Grinder is heavily wounded.
Grinder hits you.
* * * LOW HITPOINT WARNING * * *
Grinder hits you.
* * * LOW HITPOINT WARNING * * *
You writhe in agony.
You die...

#######
##.....####
####..........
#...5@..#.####
#†##..#.#
#.##....#
#.##.####
#.##>. #.####
#.# ##.####
#.....#


You could see Grinder.

Vanquished Creatures
  2 oozes
  4 worms
  2 dart slugs
  2 leopard geckos
  An orc (D:3)
  4 bats (D:1)
  3 giant cockroaches
  2 goblins (D:1)
  16 hobgoblins
  2 jackals (D:2)
  A quokka (D:2)
  3 frilled lizards
  9 kobolds
  7 rats
58 creatures vanquished.

Notes
Turn   | Place    | Note
-------+----------+-------------------------------------------
     0 | D:1      | Mrkan the Gargoyle Fighter began the quest for the Orb.
     0 | D:1      | Reached XP level 1. HP: 14/14 MP: 1/1
    77 | D:1      | Reached XP level 2. HP: 18/19 MP: 2/2
   459 | D:1      | Reached XP level 3. HP: 23/23 MP: 3/3
  1005 | D:2      | Reached XP level 4. HP: 17/29 MP: 4/4
  1576 | D:3      | Noticed Grinder
  1590 | D:3      | Paralysed by Grinder for 4 turns
  1595 | D:3      | Paralysed by Grinder for 4 turns
  1607 | D:3      | Paralysed by Grinder for 4 turns
  1612 | D:3      | HP: 1/29 [Grinder (6)]
  1612 | D:3      | Slain by Grinder

Skill      XL: |  1  2  3  4 |
---------------+-------------+-----
Maces & Flails | 3 |  3.2
Fighting       | |  3.9
Armour         | |  3.8
Shields        | |  3.9

Action                   |  1- 3 |  4- 6 || total
-------------------------+-------+-------++-------
Melee: Flail             |   153 |    74 ||   227
  Eat: Chunk             |     1 |     2 ||     3
Armor: Scale mail        |   163 |    27 ||   190
Dodge: Dodged            |    86 |    17 ||   103
Block: Shield            |   149 |    32 ||   181
